 Dungeon Crawl Stone Soup version 0.24-a0-375-g4de66ed42b (webtiles) character file.

Game seed: 9816733853864382746

144 Marnok the Covered (level 5, -1/41 HPs)
             Began as a Human Fighter on May 31, 2019.
             Killed from afar by an orc wizard (7 damage)
             ... with a puff of flame
             ... on level 3 of the Dungeon.
             The game lasted 00:06:21 (2058 turns).

Marnok the Covered (Human Fighter)                  Turns: 2058, Time: 00:06:22

Health: -1/41      AC:  7    Str: 22    XL:     5   Next: 51%
Magic:  5/5        EV:  8    Int:  8    God:
Gold:   100        SH:  9    Dex: 13    Spells: 4/4 levels left

rFire    . . .     SeeInvis .   a - +0 trident
rCold    . . .     Gourm    .   c - +0 shield
rNeg     . . .     Faith    .   b - +0 scale mail
rPois    .         Spirit   .   (no helmet)
rElec    .         Reflect  .   (no cloak)
rCorr    .         Harm     .   (no gloves)
MR       .....                  (no boots)
Stlth    ..........             (no amulet)
HPRegen  0.13/turn              (no ring)
MPRegen  0.09/turn              (no ring)

@: mighty
A: no striking features
a: no special abilities


You were on level 3 of the Dungeon.
You were very hungry.

You visited 1 branch of the dungeon, and saw 3 of its levels.

You collected 100 gold pieces.

Inventory:

Hand Weapons
 a - a +0 trident (weapon)
Missiles
 e - 2 boomerangs (quivered)
Armour
 b - a +0 scale mail (worn)
 c - a +0 shield (worn)
Scrolls
 h - a scroll of remove curse
 j - a scroll of identify
Potions
 g - 2 potions of magic
 l - a potion of agility
Comestibles
 f - 6 rations


   Skills:
 + Level 3.4 Fighting
 + Level 3.6 Polearms
 + Level 3.7 Armour
 + Level 0.8 Dodging
 + Level 3.6 Shields


You had 4 spell levels left.
You didn't know any spells.
Your spell library was empty.

Dungeon Overview and Level Annotations

Branches:
Dungeon (3/15)

Altars:


Message History

You assume a fearsome visage.
The orc priest looks frightened!
The orc looks frightened! x2; The orc priest looks frightened!
It was a scroll of fear.
You barely miss something.
Cornered, the orc turns to fight!
You block the orc's attack.
You puncture the orc!
You kill the orc!
You closely miss the orc. You block the orc's attack.
You puncture the orc!
You kill the orc!
You see here a ring mail.
You are feeling very hungry.
A magic dart appears from out of thin air!
The magic dart hits you.
* * * LOW HITPOINT WARNING * * *
Items here: )) ††† a +0 falchion; a cursed -2 short sword; an orc corpse x3
A puff of flame appears from out of thin air!
The puff of flame hits you!
You die...

#.# #.# ###.# #...# #)###
#.#...# #.#.#.# #.#.#.#
#@#.#.# #.#.#.# #.#.#.#
#.#.#.## #......#
#.###.###########
#................
##################.##########.
...............#...#


There were no monsters in sight!

Vanquished Creatures
  An orc priest (D:3)
  A worker ant (D:3)
  3 adders
  A worm (D:2)
  A dart slug (D:2)
  3 leopard geckos
  4 orcs (D:3)
  4 giant cockroaches
  6 goblins
  2 hobgoblins (D:1)
  7 jackals (D:2)
  A ball python (D:1)
  6 bats
  5 frilled lizards
  6 kobolds
  3 rats
54 creatures vanquished.

Notes
Turn   | Place    | Note
-------+----------+-------------------------------------------
     0 | D:1      | Marnok the Human Fighter began the quest for the Orb.
     0 | D:1      | Reached XP level 1. HP: 18/18 MP: 1/1
   266 | D:1      | Reached XP level 2. HP: 23/24 MP: 2/2
   679 | D:2      | Reached XP level 3. HP: 29/29 MP: 3/3
   990 | D:2      | Reached XP level 4. HP: 22/35 MP: 4/4
  1895 | D:3      | Reached XP level 5. HP: 41/41 MP: 5/5
  2037 | D:3      | HP: 2/41 [orc priest/+0 flail (1)]
  2058 | D:3      | Killed from afar by an orc wizard

Levels and vault maps discovered:
D:1:      wander_arrival_fairy_ring, layout_basic
D:2:      layout_basic
D:3:      layout_basic, nicolae_overflow_crystal_walls

Skill      XL: |  1  2  3  4 |
---------------+-------------+-----
Polearms       | 3 |  3.6
Fighting       | |  3.4
Armour         | |  3.7
Dodging        | |  0.8
Shields        | |  3.6

Action                   |  1- 3 |  4- 6 || total
-------------------------+-------+-------++-------
Melee: Trident           |   142 |    86 ||   228
  Use: Scroll            |     6 |     2 ||     8
       Potion            |     1 |     3 ||     4
  Eat: Chunk             |       |     3 ||     3
Armor: Scale mail        |    79 |    27 ||   106
Dodge: Dodged            |    47 |    21 ||    68
Block: Shield            |    78 |    39 ||   117

Table legend:
 A = Non-vault XP
 B = Vault XP
 C = Vault XP percentage of total XP
 D = Non-vault monster count
 E = Vault monster count
 F = Vault count percentage of total count
                 A         B        C        D         E       F
            +---------+---------+-------+---------+---------+-------
      Total |     206 |       0 |   0.0 |      54 |       0 |   0.0
            +---------+---------+-------+---------+---------+-------
        D:1 |      27 |       0 |   0.0 |      17 |       0 |   0.0
        D:2 |      72 |       0 |   0.0 |      26 |       0 |   0.0
        D:3 |     107 |       0 |   0.0 |      11 |       0 |   0.0
            +---------+---------+-------+---------+---------+-------
